 Dungeon Sprint DCSS version 0.19.1 (webtiles) character file.

24072 equalderp2856 the Sabretooth (level 12, -5/59 HPs)
             Began as a Felid Fighter on Dec 3, 2016.
             Was the Champion of Qazlal.
             Slain by an emperor scorpion (8 damage)
             ... in the Dungeon (Sprint IX: "|||||||||||||||||||||||||||||").
             The game lasted 00:21:19 (7923 turns).

equalderp2856 the Sabretooth (Felid Fighter)        Turns: 7923, Time: 00:21:21

Health: -5/59      AC:  6    Str: 14    XL:     12   Next: 77%
Magic:  4/24       EV: 41    Int: 11    God:    Qazlal [******]
Gold:   310        SH:  8    Dex: 17    Spells: 4 memorised, 5 levels left
                                        Lives:  0   Deaths: 4

rFire  . . .     SeeInvis +       - Unarmed
rCold  + . .     Gourm    .     (armour unavailable)
rNeg   . . .     Faith    .     (shield unavailable)
rPois  .         Spirit   .     (helmet unavailable)
rElec  .         Reflect  .     (cloak unavailable)
rCorr  .         Harm     .     (gloves unavailable)
MR     +....     NoTele   +     (boots unavailable)
Stlth  ++........               (no amulet)
                                n - +2 ring of evasion
                                m - +2 ring of evasion

@: protected from physical damage, repel missiles, quick
A: no armour, no weapons or thrown items, stealth, claws 1, fangs 3, see
invisible, carnivore 3, speed 1, shaggy fur 3, slow metabolism 1, sharp paws
a: Upheaval, Elemental Force, Disaster Area, Renounce Religion


You were in the Dungeon.
You worshipped Qazlal.
Qazlal was exalted by your worship.
You were not hungry.

You visited 1 branch You collected 1300 gold pieces.
You spent 990 gold pieces at shops.

Inventory:

Hand Weapons
 o - a +0 mace
Jewellery
 m - a +2 ring of evasion (left paw)
 n - a +2 ring of evasion (right paw)
 z - an uncursed ring of protection from fire
 A - an uncursed ring of protection from fire
 B - an uncursed ring of poison resistance
 D - a +4 ring of protection
 E - a +6 ring of intelligence
 F - a +6 ring of dexterity
 G - a +6 ring of dexterity
 H - a +2 ring of dexterity
Wands
 l - a wand of iceblast (4/15)
Scrolls
 h - 5 scrolls of blinking
 j - 3 scrolls of remove curse
 k - 2 scrolls of amnesia
 q - 3 scrolls of identify
 r - 3 scrolls of fog
 s - 3 scrolls of fear
 C - 2 scrolls of recharging
Potions
 a - a potion of might
 c - 5 potions of curing
 d - 2 potions of invisibility
 e - 3 potions of haste
 f - 4 potions of magic
 g - 3 potions of berserk rage
 i - a potion of heal wounds
 p - 4 potions of brilliance
 u - 2 potions of agility
Books
 v - a book of Cantrips

   Spells                             Type                      Level
   a - Confusing Touch                Hexes                        1
   b - Animate Skeleton               Necromancy                   1
   c - Summon Small Mammal            Summoning                    1
   d - Apportation                    Translocation                1
 w - a book of Minor Magic

   Spells                             Type                      Level
   a - Magic Dart                     Conjuration                  1
   b - Blink                          Translocation                2
   c - Call Imp                       Summoning                    2
   d - Repel Missiles                 Charms/Air                   2
   e - Slow                           Hexes                        2
   f - Conjure Flame                  Conjuration/Fire             3
   g - Mephitic Cloud                 Conjuration/Poison/Air       3
 x - a book of Conjurations

   Spells                             Type                      Level
   a - Magic Dart                     Conjuration                  1
   b - Searing Ray                    Conjuration                  2
   c - Dazzling Spray                 Conjuration/Hexes            3
   d - Fulminant Prism                Conjuration/Hexes            4
   e - Iskenderun's Mystic Blast      Conjuration                  4
   f - Iskenderun's Battlesphere      Conjuration/Charms           5
 y - a book of Misfortune

   Spells                             Type                      Level
   a - Confusing Touch                Hexes                        1
   b - Confuse                        Hexes                        3
   c - Gell's Gravitas                Hexes/Translocation          3
   d - Petrify                        Transmutation/Earth          4
   e - Metabolic Englaciation         Hexes/Ice                    5
   f - Yara's Violent Unravelling     Hexes/Transmutation          5
Comestibles
 b - 11 meat rations
 t - a beef jerky


   Skills:
 + Level 10.6 Fighting
 * Level 23.8 Dodging
 * Level 15.0 Stealth
 O Level 27 Unarmed Combat
 + Level 14.8 Invocations
 + Level 1.9 Evocations


You had 5 spell levels left.
You knew the following spells:

 Your Spells              Type           Power        Failure   Level  Hunger
a - Animate Skeleton      Necr           N/A          34%         1    ##.....
b - Blink                 Tloc           N/A          56%         2    ###....
c - Confusing Touch       Hex            #.....       34%         1    ##.....
d - Repel Missiles        Chrm/Air       #.....       56%         2    ###....


Dungeon Overview and Level Annotations

Branches:
Dungeon (1/1)

Altars:
Cheibriados
Dithmenos
Elyvilon
Fedhas
Gozag
Hepliaklqana
Kikubaaqudgha
Makhleb
Nemelex Xobeh
Okawaru
Qazlal
Ru
Sif Muna
Trog
Uskayaw
Vehumet
Xom
Yredelemnul
Zin
The Shining One
Beogh
Jiyva
Lugonu

Shops:
D *((:

Annotations:
D Nessos, Xtahua


Innate Abilities, Weirdness & Mutations

You cannot wear armour.
You are incapable of wielding weapons or throwing items.
Your paws allow you to move quietly. (Stealth)
You have sharp claws.
You have razor-sharp teeth.
You have supernaturally acute eyesight. (SInv)
You are carnivorous and can eat meat at any time.
You cover ground quickly.
Your thick and shaggy fur keeps you warm. (AC +3, rC+)
You have a slow metabolism.
Your sharp claws are effective at attacking unaware monsters.


Message History

You bite the emperor scorpion, but do no damage.
The emperor scorpion is severely wounded.
You feel better. The emperor scorpion misses you. x2
You block the emperor scorpion's attack.
The emperor scorpion stings you!!
* * * LOW HITPOINT WARNING * * *
The emperor scorpion completely misses you. x2
You feel better.
You block the emperor scorpion's attack.
The emperor scorpion barely misses you.
The emperor scorpion claws you but does no damage.
A jumping spider comes into view.
You mangle the emperor scorpion!!
The emperor scorpion is almost dead.
The emperor scorpion completely misses you.
The emperor scorpion claws you!
* * * LOW HITPOINT WARNING * * *
You feel more protected from physical attacks.
The emperor scorpion claws you!
You die...

▓▓▓▓▓▓▓▓▓▓▓▓▓▓▓
▓......@sssyss.
▓.▓▓▓▓▓▓▓▓▓▓▓▓▓▓▓▓▓▓▓▓♣♣
▓.......................
▓▓▓▓▓▓▓▓▓▓▓▓▓▓▓▓▓▓▓▓▓▓▓▓
▓............'.........)
▓.▓▓▓▓▓▓▓▓▓▓▓▓▓▓▓▓▓▓▓▓▓▓
▓....§≈†D........
▓▓▓▓▓▓▓▓▓▓▓▓▓▓▓▓▓▓▓▓▓▓▓▓
▓.......(.(.(.)..()).)))


You could see 4 emperor scorpions, a moth of wrath and a jumping spider.

Vanquished Creatures
  Saint Roka (D)
  A vault warden (D)
  4 frost giants (D)
  A ghost moth (D)
  An emperor scorpion (D)
  2 stone giants (D)
  A vampire knight (D)
  A spark wasp (D)
  A merfolk javelineer (D)
  Snorg (D)
  An ettin (D)
  Josephine (D)
  A yaktaur captain (D)
  A merfolk impaler (D)
  Erolcha (D)
  2 catoblepae (D)
  A great orb of eyes (D)
  An ice dragon (D)
  2 hydras (D)
  A rakshasa (D)
  A naga warrior (D)
  6 ogre magi (D)
  An anaconda (D)
  3 centaur warriors (D)
  A vampire mage (D)
  A deep troll shaman (D)
  6 death yaks (D)
  2 naga sharpshooters (D)
  A spriggan berserker (D)
  A hell knight (D)
  A glowing orange brain (D)
  A wizard (D)
  A swamp dragon (D)
  A hill giant (D)
  2 ironbrand convokers (D)
  2 orc knights (D)
  2 orb spiders (D)
  A cyclops (D)
  2 manticores (D)
  A moth of wrath (D)
  A black mamba (shapeshifter) (D)
  3 vault sentinels (D)
  2 black mambas (D)
  3 water nymphs (D)
  3 spiny frogs (D)
  A rime drake (D)
  2 demonic crawlers (D)
  4 yaktaurs (D)
  A tengu conjurer (D)
  An efreet (D)
  2 merfolk (D)
  6 two-headed ogres (D)
  A tyrant leech (D)
  A hornet (D)
  A snapping turtle (D)
  2 blink frogs (D)
  2 hippogriffs (D)
  4 redbacks (D)
  5 wraiths (D)
  2 yaks (D)
  A shadow (D)
  A basilisk (D)
  3 vampire mosquitoes (D)
  Grum (D)
  4 nagas (D)
  A water moccasin (D)
  A swamp drake (D)
  11 orc warriors (D)
  3 porcupines (D)
  A sky beast (D)
  An eye of draining (D)
  3 ogres (D)
  2 crocodiles (D)
  4 wolves (D)
  2 bullfrogs (D)
  A howler monkey (D)
  A crimson imp (D)
  2 hounds (D)
  4 orc wizards (D)
  5 orc priests (D)
  A shadow imp (D)
  15 orcs (D)
  A bat skeleton (D)
  A hobgoblin (D)
  A jackal (D)
  A ball python skeleton (D)
  2 bats (D)
  A rat (D)
185 creatures vanquished.

Vanquished Creatures (others)
  A cyclops (D)
  A yak (D)
2 creatures vanquished.

Grand Total: 187 creatures vanquished

Notes
Turn   | Place    | Note
-------+----------+-------------------------------------------
     0 | D        | equalderp2856 the Felid Fighter began the quest for the Orb.
     0 | D        | Reached XP level 1. HP: 10/10 MP: 2/2
    38 | D        | Noticed a sky beast
    38 | D        | Noticed a hound
    40 | D        | Reached skill level 5 in Unarmed Combat
    51 | D        | Killed a sky beast
    51 | D        | Reached skill level 8 in Unarmed Combat
    51 | D        | Reached XP level 2. HP: 15/15 MP: 3/3
    51 | D        | Reached XP level 3. HP: 19/19 MP: 4/4
    51 | D        | Reached XP level 4. HP: 22/22 MP: 5/5
    59 | D        | Reached skill level 5 in Fighting
   101 | D        | Found a roughly hewn altar of Beogh.
   101 | D        | Found a snail-covered altar of Cheibriados.
   101 | D        | Found a shadowy altar of Dithmenos.
   101 | D        | Found a white marble altar of Elyvilon.
   101 | D        | Found a blossoming altar of Fedhas.
   101 | D        | Found an opulent altar of Gozag.
   102 | D        | Found a hazy altar of Hepliaklqana.
   103 | D        | Found a viscous altar of Jiyva.
   104 | D        | Found an ancient bone altar of Kikubaaqudgha.
   105 | D        | Found a corrupted altar of Lugonu.
   106 | D        | Found a burning altar of Makhleb.
   107 | D        | Found a sparkling altar of Nemelex Xobeh.
   108 | D        | Found an iron altar of Okawaru.
   109 | D        | Found a stormy altar of Qazlal.
   110 | D        | Found a sacrificial altar of Ru.
   111 | D        | Found a deep blue altar of Sif Muna.
   112 | D        | Found a bloodstained altar of Trog.
   113 | D        | Found a hide-covered altar of Uskayaw.
   114 | D        | Found a radiant altar of Vehumet.
   139 | D        | Found a shimmering altar of Xom.
   140 | D        | Found a basalt altar of Yredelemnul.
   141 | D        | Found a glowing silver altar of Zin.
   142 | D        | Found a glowing golden altar of the Shining One.
   259 | D        | Became a worshipper of Qazlal Stormbringer
   288 | D        | Noticed an orc warrior
   288 | D        | Noticed a bullfrog
   298 | D        | Killed an orc warrior
   298 | D        | Reached skill level 10 in Unarmed Combat
   298 | D        | Reached XP level 5. HP: 27/27 MP: 6/6
   305 | D        | Reached * piety under Qazlal
   305 | D        | Reached skill level 1 in Stealth
   309 | D        | Gained mutation: You are covered in thick fur. (AC +2) [Felid growth]
   309 | D        | Reached XP level 6. HP: 31/31 MP: 7/7
   313 | D        | Reached skill level 11 in Unarmed Combat
   315 | D        | Reached ** piety under Qazlal
   353 | D        | Noticed a cyclops
   353 | D        | Noticed a hill giant
   372 | D        | Mangled by a hill giant
   373 | D        | Reached XP level 5. HP: -9/28 MP: 6/6
   540 | D        | Noticed a black mamba
   540 | D        | Noticed a yak
   540 | D        | Noticed a crocodile
   540 | D        | Noticed a hippogriff
   540 | D        | Noticed a blink frog
   540 | D        | Noticed a spiny frog
   541 | D        | Noticed a porcupine
   552 | D        | Killed a black mamba
   552 | D        | Reached skill level 10 in Dodging
   552 | D        | Reached skill level 12 in Unarmed Combat
   552 | D        | Reached XP level 6. HP: 27/31 MP: 7/7
   552 | D        | Reached XP level 7. HP: 31/35 MP: 8/8
   554 | D        | Noticed a yak
   559 | D        | Killed a yak
   559 | D        | Reached *** piety under Qazlal
   559 | D        | Reached skill level 13 in Unarmed Combat
   566 | D        | Killed a blink frog
   567 | D        | Noticed a basilisk
   574 | D        | Reached skill level 14 in Unarmed Combat
   585 | D        | Killed a hippogriff
   585 | D        | Reached XP level 8. HP: 20/40 MP: 9/9
   824 | D        | Killed a spiny frog
   824 | D        | Reached **** piety under Qazlal
   824 | D        | Reached skill level 5 in Stealth
   910 | D        | Reached skill level 15 in Unarmed Combat
  1019 | D        | Noticed a spiny frog
  1019 | D        | Noticed a hippogriff
  1020 | D        | Reached ***** piety under Qazlal
  1025 | D        | Noticed a rime drake
  1035 | D        | Killed a spiny frog
  1035 | D        | Reached skill level 16 in Unarmed Combat
  1035 | D        | Reached XP level 9. HP: 27/44 MP: 10/10
  1192 | D        | Killed a cyclops
  1202 | D        | Killed a rime drake
  1202 | D        | Reached skill level 17 in Unarmed Combat
  1264 | D        | Noticed a death yak
  1264 | D        | Noticed a death yak
  1264 | D        | Noticed a death yak
  1264 | D        | Noticed a death yak
  1264 | D        | Noticed a death yak
  1264 | D        | Noticed a catoblepas
  1270 | D        | Killed a death yak
  1274 | D        | Noticed a death yak
  1277 | D        | Killed a death yak
  1277 | D        | Reached ****** piety under Qazlal
  1277 | D        | Reached skill level 18 in Unarmed Combat
  1277 | D        | Reached XP level 10. HP: 26/49 MP: 11/11
  1438 | D        | Killed a death yak
  1606 | D        | Noticed a catoblepas
  1611 | D        | Killed a death yak
  1611 | D        | Reached skill level 15 in Dodging
  1611 | D        | Reached skill level 19 in Unarmed Combat
  1811 | D        | Slain by a death yak
  1812 | D        | Reached XP level 9. HP: 0/45 MP: 10/10
  1869 | D        | Killed a death yak
  1876 | D        | Killed a catoblepas
  1876 | D        | Reached skill level 20 in Unarmed Combat
  1876 | D        | Reached XP level 10. HP: 45/49 MP: 11/11
  1879 | D        | Killed a death yak
  1894 | D        | Killed a catoblepas
  1983 | D        | Noticed Josephine
  2006 | D        | Killed Josephine
  2006 | D        | Reached skill level 21 in Unarmed Combat
  2030 | D        | Noticed Grum
  2046 | D        | Killed Grum
  2192 | D        | Reached XP level 11. HP: 53/53 MP: 12/12
  2304 | D        | Noticed an orc knight
  2304 | D        | Noticed an orc knight
  2401 | D        | Killed an orc knight
  2475 | D        | Killed an orc knight
  2489 | D        | Reached skill level 22 in Unarmed Combat
  2532 | D        | Found Irokacay's Assorted Antiques.
  2532 | D        | Noticed an ogre mage
  2534 | D        | Noticed an ogre mage
  2552 | D        | Killed an ogre mage
  2555 | D        | Killed an ogre mage
  2570 | D        | Noticed an ogre mage
  2574 | D        | Found Ocrom's Weapon Shoppe.
  2578 | D        | Noticed an ogre mage
  2584 | D        | Killed an ogre mage
  2584 | D        | Reached skill level 23 in Unarmed Combat
  2588 | D        | Killed an ogre mage
  2590 | D        | Found Laypt's Weapon Emporium.
  2594 | D        | Found Ocvyamnu's Book Shoppe.
  2699 | D        | Bought a book of Cantrips for 220 gold pieces
  2699 | D        | Bought a book of Minor Magic for 220 gold pieces
  2699 | D        | Bought a book of Conjurations for 330 gold pieces
  2699 | D        | Bought a book of Misfortune for 220 gold pieces
  2725 | D        | Learned a level 1 spell: Animate Skeleton
  2728 | D        | Learned a level 2 spell: Blink
  2730 | D        | Learned a level 1 spell: Confusing Touch
  2733 | D        | Learned a level 2 spell: Repel Missiles
  2768 | D        | Noticed Erolcha
  2785 | D        | Killed Erolcha
  2915 | D        | Noticed a hill giant
  3056 | D        | Killed a hill giant
  3195 | D        | Reached skill level 24 in Unarmed Combat
  3195 | D        | Reached skill level 1 in Invocations
  3195 | D        | Gained mutation: Your thick and shaggy fur keeps you warm. (AC +3, rC+) [Felid growth]
  3195 | D        | Reached XP level 12. HP: 57/57 MP: 13/13
  3226 | D        | Noticed an ogre mage
  3260 | D        | Killed an ogre mage
  3315 | D        | Noticed a spark wasp
  3447 | D        | Killed a spark wasp
  3590 | D        | Noticed a frost giant
  3598 | D        | Noticed a frost giant
  3600 | D        | Killed a frost giant
  3603 | D        | Noticed a stone giant
  3604 | D        | Noticed a centaur warrior
  3610 | D        | HP: 1/57 [frost giant/bolt of cold (26)]
  3613 | D        | Killed a frost giant
  3613 | D        | Reached skill level 25 in Unarmed Combat
  3621 | D        | Killed a stone giant
  3627 | D        | Killed a centaur warrior
  3765 | D        | Noticed Snorg
  3772 | D        | Killed Snorg
  3932 | D        | Noticed an emperor scorpion
  3960 | D        | Killed an emperor scorpion
  3964 | D        | Reached skill level 26 in Unarmed Combat
  3964 | D        | Reached skill level 5 in Invocations
  4193 | D        | Noticed a naga warrior
  4193 | D        | Noticed an anaconda
  4373 | D        | Reached XP level 13. HP: 43/60 MP: 18/18
  4565 | D        | Reached skill level 1 in Evocations
  5550 | D        | Noticed a merfolk javelineer
  5569 | D        | Killed a merfolk javelineer
  5570 | D        | Reached skill level 27 in Unarmed Combat
  5726 | D        | Noticed a merfolk impaler
  5741 | D        | Killed a merfolk impaler
  5927 | D        | Reached skill level 10 in Invocations
  5932 | D        | Reached skill level 10 in Stealth
  5933 | D        | Noticed a vampire knight
  5938 | D        | Reached skill level 10 in Fighting
  6163 | D        | Killed a vampire knight
  6392 | D        | Noticed an ettin
  6472 | D        | Killed an ettin
  6586 | D        | Noticed a frost giant
  6599 | D        | Killed a frost giant
  6821 | D        | Noticed a stone giant
  6827 | D        | Killed a stone giant
  6827 | D        | Reached XP level 14. HP: 66/66 MP: 24/24
  6847 | D        | Noticed a frost giant
  7136 | D        | Killed a frost giant
  7227 | D        | Noticed a vault warden
  7262 | D        | Killed a vault warden
  7358 | D        | Noticed a vault warden
  7384 | D        | Noticed a sphinx
  7384 | D        | Noticed Nessos
  7476 | D        | Paralysed by a sphinx for 6 turns
  7478 | D        | Mangled by a sphinx
  7479 | D        | Reached XP level 13. HP: -8/62 MP: 24/24
  7569 | D        | Noticed Xtahua
  7583 | D        | Paralysed by Xtahua for 3 turns
  7585 | D        | Slain by Xtahua
  7586 | D        | Reached XP level 12. HP: -5/58 MP: 17/23
  7622 | D        | Noticed Saint Roka
  7655 | D        | Killed Saint Roka
  7903 | D        | Noticed an emperor scorpion
  7903 | D        | Noticed an emperor scorpion
  7903 | D        | Noticed an emperor scorpion
  7903 | D        | Noticed a ghost moth
  7905 | D        | Killed a ghost moth
  7905 | D        | Reached skill level 15 in Stealth
  7916 | D        | Noticed an emperor scorpion
  7923 | D        | Slain by an emperor scorpion

Skill      XL: |  1  2  3  4  5  6  7  8  9 10 11 12 13 14 |
---------------+-------------------------------------------+-----
Unarmed Combat | 8 10 12 11 14 16 20 21 24 26 27 | 27.0
Fighting       | 4 5 6 7 8 9 10 | 10.6
Dodging        | 6 8 10 9 11 13 14 16 17 18 21 23 | 23.8
Stealth        | 3 2 4 6 7 8 9 15 12 14 | 15.0
Invocations    | 1 14 12 13 | 14.8
Evocations     | 1 |  1.9

Action                   |  1- 3 |  4- 6 |  7- 9 | 10-12 | 13-15 || total
-------------------------+-------+-------+-------+-------+-------++-------
Melee: Unarmed           |    23 |    55 |   120 |   381 |   208 ||   787
       Bite              |     2 |     6 |    12 |    59 |    25 ||   104
       Punch             |       |     2 |    13 |    41 |    23 ||    79
Invok: Disaster Area     |       |       |       |     5 |     6 ||    11
       Upheaval          |       |       |       |     6 |    18 ||    24
Evoke: Wand              |       |       |       |     3 |       ||     3
  Use: Potion            |     1 |     1 |     2 |     7 |     1 ||    12
 Stab: Petrified         |       |       |     1 |     2 |       ||     3
  Eat: Chunk             |       |       |     6 |       |       ||     6
       Meat ration       |       |       |       |     1 |     1 ||     2
Armor: Skin              |       |       |     1 |     5 |     3 ||     9
Dodge: Dodged            |    23 |    41 |    74 |   205 |   143 ||   486
       Deflected         |       |       |     1 |     3 |    11 ||    15
Block: Other             |       |     1 |    17 |    56 |    51 ||   125
